 Dungeon Crawl Stone Soup version 0.23-a0-141-g456867d (webtiles) character file.

55 galech the Skirmisher (level 3, -4/29 HPs)
             Began as a Demonspawn Monk on Aug 31, 2018.
             Killed from afar by an orc wizard (6 damage)
             ... with a magic dart
             ... on level 2 of the Dungeon.
             The game lasted 00:02:03 (1457 turns).

galech the Skirmisher (Demonspawn Monk)             Turns: 1457, Time: 00:02:04

Health: -4/29      AC:  2    Str: 11    XL:     3   Next: 67%
Magic:  0/3        EV: 13    Int: 11    God:
Gold:   78         SH:  0    Dex: 16    Spells: 2/2 levels left

rFire    . . .     SeeInvis .   a - +0 hand axe
rCold    . . .     Gourm    .   (no shield)
rNeg     . . .     Faith    .   b - +0 robe
rPois    .         Spirit   +   (no helmet)
rElec    .         Reflect  .   (no cloak)
rCorr    .         Harm     .   (no gloves)
MR       .....                  (no boots)
Stlth    ++........             (no amulet)
HPRegen  0.09/turn              (no ring)
MPRegen  0.08/turn              (no ring)

@: lethally poisoned (-4 -> -17), very slightly contaminated, invisible
A: evolution 1, magic shield
a: no special abilities


You were on level 2 of the Dungeon.
You were hungry.

You visited 1 branch of the dungeon, and saw 2 of its levels.

You collected 78 gold pieces.

Inventory:

Hand Weapons
 a - a +0 hand axe (weapon)
Armour
 b - a +0 robe (worn)
Jewellery
 i - an uncursed ring of ice
Scrolls
 d - a scroll of amnesia {unknown}
 e - 4 scrolls of remove curse {unknown}
 f - 3 scrolls of identify {unknown}
 o - a scroll of fog {unknown}
Potions
 g - a potion of resistance {unknown}
 h - 3 potions of mutation
 n - a potion of haste {unknown}
Comestibles
 c - 4 rations


   Skills:
 + Level 3.5 Fighting
 + Level 3.2 Axes
 + Level 3.1 Dodging
 + Level 2.1 Stealth


You had 2 spell levels left.
You didn't know any spells.
Your spell library was empty.

Dungeon Overview and Level Annotations

Branches:
Dungeon (2/15)

Altars:


Innate Abilities, Weirdness & Mutations

When hurt, damage is shared between your health and your magic reserves.
You evolve.


Message History

* * * LOW HITPOINT WARNING * * *
You fade into invisibility!
* * * LOW HITPOINT WARNING * * *
You feel sick. The orc wizard barely misses you. The orc closely misses you.
The quokka bites something but does no damage.
You are very lightly contaminated with residual magic.
Unknown command.
* * * LOW HITPOINT WARNING * * *
You feel sick.
The orc wizard hits you with a dagger of venom.
* * * LOW HITPOINT WARNING * * *
The quokka bites something but does no damage.
The orc wizard hits you with a dagger of venom.
* * * LOW HITPOINT WARNING * * *
You are more poisoned.
* * * LOW HITPOINT WARNING * * *
You feel sick. The orc wizard casts a spell at you. The magic dart hits you!
You die...

. #.....)...♣♣ ♣P
P.###.P....P..P♣♣P. .#
♣........# #.....♣ ..
.........# #...P♣ ..
......⌠..# #.P.♣ ♣♣ ..
.....P...###..♣ §.♣♣ ..
♣..........P..♣ ♣P♣.♣♣ ..
....####.....♣♣♣.♣≈.§ ....
#....♣.♣@♣♣o♣ ...P
+....P♣.♣.o♣
♣...####....♣.♣♣♣or....P.
..P..P...♣.♣♣ .♣.P.♣♣P♣
..........♣.♣♣♣.P♣♣P♣
....P..P.♣.♣P♣.♣P♣ ♣
..........♣.♣P♣♣♣. ♣♣♣
..#.##...♣P♣.♣§♣♣. ♣ .♣♣
.#......♣.♣.♣.♣.♣♣.♣.♣.♣######


You could see an orc wizard, an orc and a quokka.

Vanquished Creatures
  3 adders (D:2)
  A leopard gecko (D:1)
  4 bats
  A goblin (D:1)
  2 hobgoblins (D:1)
  2 jackals (D:1)
  2 quokkas (D:2)
  2 ball pythons
  A frilled lizard (D:2)
  4 kobolds
  4 rats
26 creatures vanquished.

Notes
Turn   | Place    | Note
-------+----------+-------------------------------------------
     0 | D:1      | galech the Demonspawn Monk began the quest for the Orb.
     0 | D:1      | Reached XP level 1. HP: 18/18 MP: 1/1
   272 | D:1      | Gained mutation: When hurt, damage is shared between your
                  | health and your magic reserves. [demonic ancestry]
   272 | D:1      | Reached XP level 2. HP: 21/24 MP: 2/2
   978 | D:2      | Reached XP level 3. HP: 26/29 MP: 3/3
   990 | D:2      | Gained mutation: You are dopey. (Int -2) [potion of
                  | mutation]
   990 | D:2      | Gained mutation: You evolve. [potion of mutation]
   990 | D:2      | Gained mutation: You are agile. (Dex +2) [potion of
                  | mutation]
   990 | D:2      | Lost mutation: You are dopey. (Int -2) [potion of mutation]
  1395 | D:2      | Lost mutation: You are agile. (Dex +2) [evolution]
  1457 | D:2      | Killed from afar by an orc wizard

Vault maps used:
D:1:      dpeg_arrival_tiny_e
D:2:      wad_woods_settlement, minmay_pentomino_x4

Skill      XL: |  1  2  3 |
---------------+----------+-----
Axes           | 3 |  3.2
Dodging        | 3 |  3.1
Stealth        | 2 |  2.1
Fighting       | |  3.5

Action                   || total
-------------------------++-------
Melee: Hand axe          ||    92
  Use: Potion            ||     5
 Stab: Sleeping          ||     7
  Eat: Chunk             ||     1
Armor: Robe              ||    12
Dodge: Dodged            ||    88

Table legend:
 A = Non-vault XP
 B = Vault XP
 C = Vault XP percentage of total XP
 D = Non-vault monster count
 E = Vault monster count
 F = Vault count percentage of total count
                 A         B        C        D         E       F
            +---------+---------+-------+---------+---------+-------
      Total |      59 |      20 |  25.3 |      22 |       4 |  15.4
            +---------+---------+-------+---------+---------+-------
        D:1 |      25 |       0 |   0.0 |      15 |       0 |   0.0
        D:2 |      34 |      20 |  37.0 |       7 |       4 |  36.4
            +---------+---------+-------+---------+---------+-------
